TOP OF THE 1ST |
Greenville Spinners batting - Pitching for Sumter Gamecocks : RHP David Lopez
|
Pitching: RHP David Lopez
|
|
Batting: RHB Tony Russell
|
0-0: Called Strike 0-1: Ball 1-1: Ground out 6-3 (Groundball, 6, EV 85.0 MPH)
|
Batting: LHB John Edmonds
|
0-0: Ball 1-0: Ball 2-0: Foul Ball, location: 2F 2-1: Called Strike 2-2: Ball 3-2: Fly out, F4 (Flyball, 34D, EV 91.9 MPH)
|
Batting: RHB Bobby Miscik
|
0-0: Ball 1-0: Fly out, F8 (Line Drive, 8LD, EV 93.1 MPH)
|
Top of the 1st over - 0 runs, 0 hits, 0 errors, 0 left on base; Greenville 0 - Sumter 0 |
BOTTOM OF THE 1ST |
Sumter Gamecocks batting - Pitching for Greenville Spinners : RHP Richard Hille
|
Pitching: RHP Richard Hille
|
|
Batting: SHB John Cangelosi
|
0-0: Ball 1-0: Ball 2-0: Ball 3-0: Called Strike 3-1: Ground out 6-3 (Groundball, 6, EV 94.4 MPH)
|
Batting: LHB Antonio Tapia
|
0-0: Called Strike 0-1: Ball 1-1: Reached on error, E5 (Groundball, 56, EV 90.0 MPH)
|
Batting: RHB Randy Washington
|
0-0: Called Strike 0-1: SINGLE (Groundball, 56D, EV 103.8 MPH) Antonio Tapia to second
|
Batting: LHB Mark Gerard
|
0-0: Grounds into double play, 3-6-3 (Groundball, 3S, EV 81.9 MPH)
|
Bottom of the 1st over - 0 runs, 1 hit, 1 error, 1 left on base; Greenville 0 - Sumter 0 |
TOP OF THE 2ND |
Greenville Spinners batting - Pitching for Sumter Gamecocks : RHP David Lopez
|
Batting: LHB William Hance
|
0-0: Ball 1-0: Called Strike 1-1: Foul Ball, location: 2F 1-2: Ball 2-2: Ball 3-2: Base on Balls
|
Batting: RHB Richard Duran
|
0-0: Called Strike 0-1: Swinging Strike 0-2: Ball 1-2: Ball 2-2: Fly out, F5 (Line Drive, 5, EV 65.6 MPH)
|
Batting: RHB Glenn Robertson
|
0-0: Ball 1-0: Foul Ball, location: 2F 1-1: Ball 2-1: Called Strike 2-2: SINGLE (Flyball, 56D, EV 91.9 MPH) William Hance to second
|
Batting: RHB Michael McEvilly
|
0-0: Grounds into double play, 6-4-3 (Groundball, 6, EV 83.1 MPH)
|
Top of the 2nd over - 0 runs, 1 hit, 0 errors, 1 left on base; Greenville 0 - Sumter 0 |
BOTTOM OF THE 2ND |
Sumter Gamecocks batting - Pitching for Greenville Spinners : RHP Richard Hille
|
Batting: LHB Rick Siriano
|
0-0: Ball 1-0: Called Strike 1-1: Foul Ball, location: 2F 1-2: Ball 2-2: Ball 3-2: Fly out, F3 (Line Drive, 3, EV 71.9 MPH)
|
Batting: RHB Vaughn Calloway
|
0-0: Foul Ball, location: 2F 0-1: Foul Ball, location: 2F 0-2: Fly out, F8 (Flyball, 8LD, EV 103.1 MPH)
|
Batting: RHB Jerry Hidalgo
|
0-0: Fly out, F4 (Popup, 4, EV 69.4 MPH)
|
Bottom of the 2nd over - 0 runs, 0 hits, 0 errors, 0 left on base; Greenville 0 - Sumter 0 |
TOP OF THE 3RD |
Greenville Spinners batting - Pitching for Sumter Gamecocks : RHP David Lopez
|
Batting: SHB Michael Kennedy
|
0-0: Ball 1-0: Ball 2-0: Called Strike 2-1: Ball 3-1: Ground out U3 (Groundball, 34S, EV 63.1 MPH)
|
Batting: RHB Darrell Woodard
|
0-0: SINGLE (Line Drive, 7S, EV 108.1 MPH)
|
Batting: RHB Tony Russell
|
0-0: Fly out, F4 (Flyball, 34D, EV 85.6 MPH)
|
Batting: LHB John Edmonds
|
0-0: Ball 1-0: Called Strike Darrell Woodard is caught stealing 2nd base 2-6
|
Top of the 3rd over - 0 runs, 1 hit, 0 errors, 0 left on base; Greenville 0 - Sumter 0 |
BOTTOM OF THE 3RD |
Sumter Gamecocks batting - Pitching for Greenville Spinners : RHP Richard Hille
|
Batting: RHB Claude Johnson
|
0-0: Ball 1-0: Ball 2-0: Foul Ball, location: 2F 2-1: Ground out 3-1 (Groundball, 34, EV 80.0 MPH)
|
Batting: RHB Juan Hernandez
|
0-0: Swinging Strike 0-1: Foul Ball, location: 2F 0-2: Ground out 4-3 (Groundball, 4, EV 103.8 MPH)
|
Batting: SHB John Cangelosi
|
0-0: Ball 1-0: Ball 2-0: SOLO HOME RUN (Flyball, 89XD, EV 101.9 MPH), Distance : 421 ft
|
Batting: LHB Antonio Tapia
|
0-0: Foul Ball, location: 2F 0-1: Foul Ball, location: 2F 0-2: Ball 1-2: Ball 2-2: Foul Ball, location: 2F 2-2: Fly out, F2 (Popup, 23F, EV 80.6 MPH)
|
Bottom of the 3rd over - 1 run, 1 hit, 0 errors, 0 left on base; Greenville 0 - Sumter 1 |
TOP OF THE 4TH |
Greenville Spinners batting - Pitching for Sumter Gamecocks : RHP David Lopez
|
Batting: LHB John Edmonds
|
0-0: Ball 1-0: Reached on error, E6 (Groundball, 6, EV 109.4 MPH)
|
Batting: RHB Bobby Miscik
|
0-0: Ball 1-0: Called Strike 1-1: Fly out, F9 (Flyball, 9S, EV 83.8 MPH)
|
Batting: LHB William Hance
|
0-0: Ball 1-0: Fly out, F9 (Flyball, 9LS, EV 75.0 MPH)
|
Batting: RHB Richard Duran
|
0-0: Ball 1-0: Ball 2-0: Swinging Strike 2-1: Ball 3-1: Base on Balls
|
Batting: RHB Glenn Robertson
|
0-0: Ball 1-0: Called Strike 1-1: Ball 2-1: DOUBLE (Flyball, 8RXD, EV 100.0 MPH) John Edmonds scores Richard Duran to third
|
Batting: RHB Michael McEvilly
|
0-0: Called Strike 0-1: Foul Ball, location: 2F 0-2: Ball 1-2: Ball 2-2: SINGLE (Groundball, 15S, EV 66.9 MPH) (infield hit) Richard Duran scores Glenn Robertson to third
|
Batting: SHB Michael Kennedy
|
0-0: Ball 1-0: Ball 2-0: Ball 3-0: Base on Balls Michael McEvilly to second
|
Batting: RHB Darrell Woodard
|
0-0: Ball 1-0: Ball 2-0: Ball 3-0: Called Strike 3-1: Base on Balls Glenn Robertson scores Michael McEvilly to third Michael Kennedy to second
|
Batting: RHB Tony Russell
|
0-0: Ball 1-0: Ball 2-0: Foul Ball, location: 2F 2-1: Ball 3-1: Base on Balls Michael McEvilly scores Michael Kennedy to third Darrell Woodard to second
|
Batting: LHB John Edmonds
|
0-0: Called Strike 0-1: Ball 1-1: Foul Ball, location: 2F 1-2: Ball 2-2: Fly out, F8 (Flyball, 78M, EV 75.0 MPH)
|
Top of the 4th over - 4 runs, 2 hits, 1 error, 3 left on base; Greenville 4 - Sumter 1 |
BOTTOM OF THE 4TH |
Sumter Gamecocks batting - Pitching for Greenville Spinners : RHP Richard Hille
|
Batting: RHB Randy Washington
|
0-0: Ball 1-0: Called Strike 1-1: Ball 2-1: Ball 3-1: Foul Ball, location: 2F 3-2: Fly out, F9 (Flyball, 9, EV 78.1 MPH)
|
Batting: LHB Mark Gerard
|
0-0: Foul Ball, location: 2F 0-1: Ball 1-1: Fly out, F8 (Flyball, 8LD, EV 106.9 MPH)
|
Batting: LHB Rick Siriano
|
0-0: Ball 1-0: Fly out, F8 (Flyball, 8LM, EV 92.5 MPH)
|
Bottom of the 4th over - 0 runs, 0 hits, 0 errors, 0 left on base; Greenville 4 - Sumter 1 |
TOP OF THE 5TH |
Greenville Spinners batting - Pitching for Sumter Gamecocks : RHP David Lopez
|
Batting: RHB Bobby Miscik
|
0-0: Foul Ball, location: 2F 0-1: Ball 1-1: Called Strike 1-2: Ball 2-2: Ground out 6-3 (Groundball, 6, EV 81.3 MPH)
|
Batting: LHB William Hance
|
0-0: Ball 1-0: Ball 2-0: Foul Ball, location: 2F 2-1: Fly out, F7 (Line Drive, 7D, EV 90.6 MPH)
|
Batting: RHB Richard Duran
|
0-0: Ball 1-0: Fly out, F8 (Flyball, 8LM, EV 85.6 MPH)
|
Top of the 5th over - 0 runs, 0 hits, 0 errors, 0 left on base; Greenville 4 - Sumter 1 |
BOTTOM OF THE 5TH |
Sumter Gamecocks batting - Pitching for Greenville Spinners : RHP Richard Hille
|
Batting: RHB Vaughn Calloway
|
0-0: Called Strike 0-1: Ball 1-1: Ball 2-1: Foul Ball, location: 2F 2-2: Foul Ball, location: 2F 2-2: Foul Ball, location: 2F 2-2: Ball 3-2: Foul Ball, location: 2F 3-2: Ground out 6-3 (Groundball, 6, EV 103.8 MPH)
|
Batting: RHB Jerry Hidalgo
|
0-0: Called Strike 0-1: Swinging Strike 0-2: Strikes out swinging
|
Batting: RHB Claude Johnson
|
0-0: Ball 1-0: Fly out, F8 (Flyball, 8RD, EV 108.1 MPH)
|
Bottom of the 5th over - 0 runs, 0 hits, 0 errors, 0 left on base; Greenville 4 - Sumter 1 |
TOP OF THE 6TH |
Greenville Spinners batting - Pitching for Sumter Gamecocks : RHP David Lopez
|
Batting: RHB Glenn Robertson
|
0-0: Ball 1-0: Swinging Strike 1-1: Called Strike 1-2: Ball 2-2: Foul Ball, location: 2F 2-2: Foul Ball, location: 2F 2-2: Ball 3-2: Base on Balls
|
Batting: RHB Michael McEvilly
|
0-0: Ball 1-0: Foul Ball, location: 2F 1-1: Ball 2-1: Fly out, F9 (Flyball, 89XD, EV 93.8 MPH)
|
Batting: SHB Michael Kennedy
|
0-0: Called Strike 0-1: Ball 1-1: Grounds into double play, 4-6-3 (Groundball, 4, EV 105.6 MPH)
|
Top of the 6th over - 0 runs, 0 hits, 0 errors, 0 left on base; Greenville 4 - Sumter 1 |
BOTTOM OF THE 6TH |
Sumter Gamecocks batting - Pitching for Greenville Spinners : RHP Richard Hille
|
Batting: RHB Juan Hernandez
|
0-0: Foul Ball, location: 2F 0-1: Called Strike 0-2: Foul Ball, location: 2F 0-2: Ball 1-2: Ball 2-2: Fly out, F9 (Flyball, 89S, EV 86.9 MPH)
|
Batting: SHB John Cangelosi
|
0-0: Ball 1-0: Ground out 2-3 (Groundball, 15S, EV 68.8 MPH)
|
Batting: LHB Antonio Tapia
|
0-0: Ground out 6-3 (Groundball, 6, EV 88.8 MPH)
|
Bottom of the 6th over - 0 runs, 0 hits, 0 errors, 0 left on base; Greenville 4 - Sumter 1 |
TOP OF THE 7TH |
Greenville Spinners batting - Pitching for Sumter Gamecocks : RHP David Lopez
|
Batting: RHB Darrell Woodard
|
0-0: Foul Ball, location: 2F 0-1: Swinging Strike 0-2: Foul Ball, location: 2F 0-2: Foul Ball, location: 2F 0-2: Ball 1-2: Ground out U3 (Groundball, 3S, EV 82.5 MPH)
|
Batting: RHB Tony Russell
|
0-0: Foul Ball, location: 2F 0-1: Fly out, F7 (Line Drive, 7, EV 111.3 MPH)
|
Batting: LHB John Edmonds
|
0-0: Called Strike 0-1: Ground out 6-3 (Groundball, 6, EV 83.1 MPH)
|
Top of the 7th over - 0 runs, 0 hits, 0 errors, 0 left on base; Greenville 4 - Sumter 1 |
BOTTOM OF THE 7TH |
Sumter Gamecocks batting - Pitching for Greenville Spinners : RHP Richard Hille
|
Batting: RHB Randy Washington
|
0-0: Fly out, F8 (Flyball, 8RD, EV 88.8 MPH)
|
Batting: LHB Mark Gerard
|
0-0: Ball 1-0: Ball 2-0: Ball 3-0: Called Strike 3-1: Foul Ball, location: 2F 3-2: Foul Ball, location: 2F 3-2: Ground out 4-3 (Groundball, 4D, EV 106.3 MPH)
|
Batting: LHB Rick Siriano
|
0-0: Called Strike 0-1: Ball 1-1: Foul Ball, location: 2F 1-2: Foul Ball, location: 2F 1-2: Foul Ball, location: 2F 1-2: Foul Ball, location: 2F 1-2: Foul Ball, location: 2F 1-2: Fly out, F8 (Line Drive, 8RM, EV 91.9 MPH)
|
Bottom of the 7th over - 0 runs, 0 hits, 0 errors, 0 left on base; Greenville 4 - Sumter 1 |
TOP OF THE 8TH |
Greenville Spinners batting - Pitching for Sumter Gamecocks : RHP David Lopez
|
Batting: RHB Bobby Miscik
|
0-0: Ball 1-0: Called Strike 1-1: Foul Ball, location: 2F 1-2: Foul Ball, location: 2F 1-2: Strikes out swinging
|
Batting: LHB William Hance
|
0-0: Called Strike 0-1: Foul Ball, location: 2F 0-2: Foul Ball, location: 2F 0-2: SINGLE (Flyball, 56D, EV 90.6 MPH)
|
Pitching: RHP Dave Wareham
|
|
Batting: RHB Richard Duran
|
0-0: Called Strike 0-1: Ball 1-1: Foul Ball, location: 2F 1-2: Ball 2-2: Ball 3-2: Ground out 5-3 (Groundball, 56, EV 107.5 MPH) William Hance to second
|
Batting: RHB Glenn Robertson
|
0-0: Ball 1-0: Ball 2-0: Ball 3-0: Base on Balls
|
Batting: RHB Michael McEvilly
|
0-0: Called Strike 0-1: Swinging Strike 0-2: Ball 1-2: Strikes out swinging
|
Top of the 8th over - 0 runs, 1 hit, 0 errors, 2 left on base; Greenville 4 - Sumter 1 |
BOTTOM OF THE 8TH |
Sumter Gamecocks batting - Pitching for Greenville Spinners : RHP Richard Hille
|
Batting: RHB Vaughn Calloway
|
0-0: Ball 1-0: Foul Ball, location: 2F 1-1: Swinging Strike 1-2: Foul Ball, location: 2F 1-2: Ball 2-2: Ball 3-2: Foul Ball, location: 2F 3-2: Base on Balls
|
Batting: RHB Jerry Hidalgo
|
0-0: Foul Ball, location: 2F 0-1: Foul Ball, location: 2F 0-2: Foul Ball, location: 2F 0-2: Fly out, F9 (Line Drive, 9D, EV 95.0 MPH)
|
Batting: RHB Claude Johnson
|
0-0: Ball 1-0: Foul Ball, location: 2F 1-1: Foul Ball, location: 2F 1-2: Ball 2-2: Strikes out swinging
|
Batting: RHB Juan Hernandez
|
0-0: Ball 1-0: Called Strike 1-1: Ball 2-1: Foul Ball, location: 2F 2-2: 2-RUN HOME RUN (Line Drive, 7D, EV 102.5 MPH), Distance : 381 ft
|
Batting: SHB John Cangelosi
|
0-0: Ground out 5-3 (Groundball, 5L, EV 84.4 MPH)
|
Bottom of the 8th over - 2 runs, 1 hit, 0 errors, 0 left on base; Greenville 4 - Sumter 3 |
TOP OF THE 9TH |
Greenville Spinners batting - Pitching for Sumter Gamecocks : RHP Dave Wareham
|
Pitching: RHP Kurt Mattson
|
|
Batting: SHB Michael Kennedy
|
0-0: Ball 1-0: Called Strike 1-1: Reached via error on a dropped throw from 3B, E3 (Groundball, 56, EV 85.6 MPH)
|
Batting: RHB Darrell Woodard
|
0-0: Sac Bunt to 25 - play at first, batter OUT! 5-4 Michael Kennedy to second
|
Batting: RHB Tony Russell
|
0-0: Swinging Strike 0-1: Ball 1-1: Ball 2-1: Fly out, F5 (Popup, 56, EV 66.9 MPH)
|
Batting: LHB John Edmonds
|
0-0: Ball 1-0: Called Strike 1-1: 2-RUN HOME RUN (Line Drive, 9D, EV 100.0 MPH), Distance : 375 ft
|
Batting: RHB Bobby Miscik
|
0-0: Called Strike 0-1: Ball 1-1: Fly out, F7 (Line Drive, 7, EV 92.5 MPH)
|
Top of the 9th over - 2 runs, 1 hit, 1 error, 0 left on base; Greenville 6 - Sumter 3 |
BOTTOM OF THE 9TH |
Sumter Gamecocks batting - Pitching for Greenville Spinners : RHP Richard Hille
|
Batting: LHB Antonio Tapia
|
0-0: Ball 1-0: Ground out 6-3 (Groundball, 6, EV 82.5 MPH)
|
Batting: RHB Randy Washington
|
0-0: SOLO HOME RUN (Flyball, 9LD, EV 105.6 MPH), Distance : 374 ft
|
Batting: LHB Mark Gerard
|
0-0: Ball 1-0: Called Strike 1-1: Ground out 4-3 (Groundball, 4S, EV 83.8 MPH)
|
Batting: LHB Rick Siriano
|
0-0: Ball 1-0: Ball 2-0: Fly out, F8 (Flyball, 8LM, EV 94.4 MPH)
|
Bottom of the 9th over - 1 run, 1 hit, 0 errors, 0 left on base; Greenville 6 - Sumter 4 |
|